 Dungeon Crawl Stone Soup version 0.19-a0-1384-gbb462ca (webtiles) character file.

65 mopl the Skirmisher (level 4, 0/52 HPs)
             Began as an Ogre Wanderer on Sept 3, 2016.
             Slain by a worm (10 damage)
             ... on level 2 of the Dungeon.
             The game lasted 00:03:59 (1841 turns).

mopl the Skirmisher (Ogre Wanderer)                 Turns: 1841, Time: 00:04:00

Health: 0/52       AC:  3    Str: 18    XL:     4   Next: 13%
Magic:  4/4        EV:  9    Int:  9    God:
Gold:   139        SH:  0    Dex: 11    Spells: 0 memorised, 3 levels left

rFire  . . .     SeeInvis .     a - +0 mace
rCold  . . .     Gourm    .     f - +0 robe
rNeg   . . .     Faith    +     (no shield)
rPois  .         Spirit   .     (helmet restricted)
rElec  .         Dismiss  .     (no cloak)
rCorr  .         Reflect  .     (gloves unavailable)
MR     .....     Harm     .     (boots unavailable)
Stlth  +.........               m - amulet of faith {!P}
                                (no ring)
                                (no ring)

@: no status effects
A: unfitting armour, tough skin 1
a: no special abilities


You were on level 2 of the Dungeon.
You were very hungry.

You visited 1 branch of the dungeon, and saw 3 of its levels.

You collected 139 gold pieces.

Inventory:

Hand Weapons
 a - a +0 mace (weapon)
 b - a +0 hand crossbow
 p - a cursed +0 whip
Missiles
 e - 28 bolts
 k - 3 javelins (quivered)
Armour
 f - a +0 robe (worn)
Jewellery
 m - an amulet of faith (around neck) {!P}
Scrolls
 d - a scroll of fear
 h - a scroll of amnesia {unknown}
 l - 2 scrolls of identify
 n - a scroll of immolation {unknown}
 s - a scroll of noise {unknown}
Potions
 c - 2 potions of curing
 i - 2 potions of lignification {!q}
 q - 2 potions of flight
Comestibles
 g - 3 bread rations
 o - a beef jerky
 r - 2 meat rations


   Skills:
 + Level 6.1 Fighting
 * Level 3.1 Maces & Flails
 - Level 1.3 Crossbows
 + Level 1.2 Throwing
 - Level 1.0 Dodging
 - Level 1.0 Stealth
   Level 1.0 Shields
 - Level 1.0 Unarmed Combat


You had 3 spell levels left.
You didn't know any spells.

Dungeon Overview and Level Annotations

Branches:
Dungeon (3/15)

Altars:
Sif Muna
Yredelemnul


Innate Abilities, Weirdness & Mutations

You are too large for most types of armour.
You have tough skin. (AC +1)


Message History

You hit the worm.
The worm is heavily wounded.
The worm bites you.
* * * LOW HITPOINT WARNING * * *
You hit the worm.
The worm is heavily wounded.
The worm bites you.
* * * LOW HITPOINT WARNING * * *
You sock the worm!
The worm is severely wounded.
You barely miss the worm.
The worm is severely wounded.
The worm barely misses you.
You hit the worm but do no damage.
The worm is severely wounded.
The worm barely misses you.
You hit the worm.
The worm is severely wounded.
The worm bites you!
You die...

# #..# #.# #.#.# # #..# #.###.#.#
# #..# #...#.#.# # ###..#
###.#.#.# ####### #....#
###.#.#.#####
......###.##.########...........#
#####.....##............#.#.###.#
#.#.......(...####..#.#.# #.#
#.#...##...w@(..(...#.#.# #.#
#.###.##..###...........# #.[ #.#
#.##..# #..).......## ### #.#
#.w...# ##.###.##.##
#.#######.###.>.##.####
#...............##.#
#########.###...##.# #..........#
############


You could see a worm.

Vanquished Creatures
  2 adders (D:3)
  A worm (D:2)
  A dart slug (D:1)
  2 giant geckos (D:2)
  An orc (D:3)
  4 giant cockroaches (D:2)
  8 goblins
  5 hobgoblins
  A jackal (D:3)
  6 bats
  2 giant newts
  4 kobolds
  A rat (D:1)
38 creatures vanquished.

Notes
Turn   | Place    | Note
-------+----------+-------------------------------------------
     0 | D:1      | mopl the Ogre Wanderer began the quest for the Orb.
     0 | D:1      | mopl set off with: a +2 dagger, a scroll of fear, a potion of curing, a +0 hand crossbow, 28 bolts, a +0 robe, a bread ration
     0 | D:1      | Reached XP level 1. HP: 27/27 MP: 1/1
    85 | D:1      | Reached skill level 1 in Maces & Flails
   100 | D:1      | Reached XP level 2. HP: 16/35 MP: 2/2
   888 | D:2      | Reached skill level 2 in Maces & Flails
  1032 | D:2      | Reached XP level 3. HP: 42/44 MP: 3/3
  1295 | D:2      | Found a basalt altar of Yredelemnul.
  1410 | D:2      | Found a deep blue altar of Sif Muna.
  1577 | D:2      | Reached skill level 6 in Fighting
  1769 | D:3      | Reached skill level 1 in Throwing
  1777 | D:3      | Reached skill level 3 in Maces & Flails
  1777 | D:3      | Reached XP level 4. HP: 51/52 MP: 4/4
  1841 | D:2      | Slain by a worm

Vault maps used:
D:1:      grunt_arrival_lava_bath, minmay_misc_feat_secret_circle
D:2:      lemuel_coloured_pillars_altar, led_sif_pool
D:3:      kennysheep_goblin_castle, marbit_many_paths

Skill      XL: |  1  2  3 |
---------------+----------+-----
Maces & Flails | 1 2 3 |  3.1
Fighting       | 6 |  6.1
Throwing       | 1 |  1.2
Crossbows      | |  1.3
Dodging        | |  1.0
Stealth        | |  1.0
Shields        | |  1.0
Unarmed Combat | |  1.0

Action                   |  1- 3 |  4- 6 || total
-------------------------+-------+-------++-------
Melee: Club              |    41 |       ||    41
       Mace              |    89 |    14 ||   103
Throw: Javelin           |     1 |       ||     1
  Use: Scroll            |     3 |       ||     3
       Potion            |     1 |       ||     1
  Eat: Chunk             |     2 |       ||     2
Armor: Robe              |    54 |       ||    54
       Skin              |    17 |     5 ||    22
Dodge: Dodged            |    71 |     2 ||    73
